 Dungeon Crawl Stone Soup version 0.22.1-2-g9c5b331383 (webtiles) character file.

160 LadyOphelia the Cudgeler (level 5, 0/49 HPs)
             Began as a Deep Dwarf Berserker on Dec 26, 2018.
             Was a Believer of Trog.
             Slain by darator's ghost (1 damage)
             ... on level 3 of the Dungeon.
             The game lasted 00:11:43 (1772 turns).

LadyOphelia the Cudgeler (Deep Dwarf Berserker)     Turns: 1772, Time: 00:11:45

Health: 0/49       AC:  5    Str: 22    XL:     5   Next: 17%
Magic:  5/5        EV: 12    Int:  7    God:    Trog [**....]
Gold:   60         SH:  0    Dex: 12    Spells: 4/4 levels left

rFire    . . .     SeeInvis .   g - +0 mace
rCold    . . .     Gourm    .   (no shield)
rNeg     . . .     Faith    .   d - +0 leather armour
rPois    .         Spirit   .   (no helmet)
rElec    .         Reflect  .   n - +0 cloak
rCorr    .         Harm     .   (no gloves)
MR       .....                  i - +0 pair of boots
Stlth    ++........             (no amulet)
HPRegen  0.00/turn              (no ring)
MPRegen  0.09/turn              (no ring)

@: berserk cooldown, non-regenerating
A: damage resistance, heal wounds, sense surroundings 1, no regeneration
a: Heal Wounds, Berserk, Trog's Hand, Renounce Religion


You were on level 3 of the Dungeon.
You worshipped Trog.
Trog was pleased with you.
You were near starving.

You visited 1 branch of the dungeon, and saw 3 of its levels.

You collected 60 gold pieces.

Inventory:

Hand Weapons
 a - a +0 mace
 g - a +0 mace (weapon)
Armour
 b - a +0 animal skin
 d - a +0 leather armour (worn)
 i - a +0 pair of boots (worn)
 n - a +0 cloak (worn)
Wands
 j - a wand of polymorph (14)
 k - a wand of flame (34)
 r - a wand of clouds (6)
Scrolls
 e - 3 scrolls of identify {unknown}
 l - a scroll of enchant weapon {unknown}
 m - a scroll of magic mapping {unknown}
 p - a scroll of remove curse {unknown}
Potions
 f - 2 potions of brilliance {unknown}
 h - a potion of berserk rage {unknown}
 o - a potion of curing {unknown}
 q - a potion of degeneration {unknown}
 s - 2 potions of flight {unknown}
Comestibles
 c - 3 rations


   Skills:
 + Level 3.5 Fighting
 + Level 4.3 Maces & Flails
 + Level 2.8 Armour
 + Level 2.8 Dodging
 + Level 2.1 Stealth
 + Level 0.3 Unarmed Combat


You had 4 spell levels left.
You didn't know any spells.
Your spell library was empty.

Dungeon Overview and Level Annotations

Branches:
Dungeon (3/15)

Altars:

Annotations:
D:3 darator's ghost, amateur HOMo


Innate Abilities, Weirdness & Mutations

You are resistant to damage.
You can heal yourself by infusing magical energy.
You passively map a small area around you.
You do not regenerate.


Message History

Darator's ghost is moderately damaged.
The adder simulacrum bites you but does no damage.
Darator's ghost hits you but does no damage.
The adder simulacrum bites you. The adder simulacrum freezes you.
You hit darator's ghost.
Darator's ghost is moderately damaged.
Darator's ghost hits you.
* * * LOW HITPOINT WARNING * * *
The adder simulacrum closely misses you.
Darator's ghost hits you!
* * * LOW HITPOINT WARNING * * *
The adder simulacrum closely misses you.
You hit darator's ghost.
Darator's ghost is moderately damaged.
You feel yourself speed up.
The adder simulacrum bites you but does no damage.
Darator's ghost hits you!
* * * LOW HITPOINT WARNING * * *
The adder simulacrum barely misses you. Darator's ghost hits you.
You die...

* , , #.....#* ** ,
#..... ... #.....* ...
, #.... *#'# .... * #.#
#.## #>#
###.Z##########.## *
#..@W.......##...##,
#..###'''###.......#
#..*#Z......##.#...##.
* #.
#......!..#....<...
..,#.Z........##.#.####
#. #....####...#...# *
# , ...###?$##..##..#
#..##.....*#..#..###
,#. #...).. #..#....#


You could see darator's ghost, 2 adder simulacra and a worker ant simulacrum.

Vanquished Creatures
  Jessica (D:2)
  Terence (D:2)
  Robin (D:2)
  3 adders (D:2)
  A worm (D:3)
  6 orcs (D:3)
  2 giant cockroaches
  7 goblins
  13 hobgoblins
  4 jackals (D:2)
  A quokka (D:3)
  2 ball pythons
  A ball python simulacrum (D:3)
  7 bats
  A frilled lizard (D:3)
  2 kobolds
  5 rats
58 creatures vanquished.

Notes
Turn   | Place    | Note
-------+----------+-------------------------------------------
     0 | D:1      | LadyOphelia the Deep Dwarf Berserker began the quest for
                  | the Orb.
     0 | D:1      | Reached XP level 1. HP: 20/20 MP: 1/1
   264 | D:1      | Reached XP level 2. HP: 25/27 MP: 2/2
   319 | D:2      | Noticed Robin
   344 | D:2      | Killed Robin
   347 | D:2      | Reached XP level 3. HP: 34/34 MP: 3/3
   352 | D:2      | Reached ** piety under Trog
   568 | D:2      | Noticed Terence
   584 | D:2      | Killed Terence
   584 | D:2      | Reached XP level 4. HP: 23/42 MP: 4/4
   600 | D:2      | Reached skill level 4 in Maces & Flails
   754 | D:2      | Noticed Jessica
   769 | D:2      | Killed Jessica
  1346 | D:3      | Noticed darator's ghost (amateur HOMo)
  1379 | D:3      | Reached XP level 5. HP: 43/49 MP: 5/5
  1733 | D:3      | Found a runed gate.
  1733 | D:3      | Found a runed gate.
  1733 | D:3      | Found a runed gate.
  1772 | D:3      | HP: 1/49 [darator's ghost (5)]
  1772 | D:3      | Slain by darator's ghost

Skill      XL: |  1  2  3  4 |
---------------+-------------+-----
Fighting       | 3 |  3.5
Maces & Flails | 4 |  4.3
Stealth        | 2 |  2.1
Armour         | |  2.8
Dodging        | |  2.8
Unarmed Combat | |  0.3

Action                   |  1- 3 |  4- 6 || total
-------------------------+-------+-------++-------
Melee: Mace              |    71 |   127 ||   198
       Unarmed           |    10 |       ||    10
Invok: Berserk           |     1 |     1 ||     2
 Abil: Heal Wounds       |     1 |     5 ||     6
 Stab: Sleeping          |     1 |       ||     1
  Eat: Ration            |       |     1 ||     1
Armor: Leather armour    |    44 |    50 ||    94
Dodge: Dodged            |    65 |    93 ||   158
